 Dungeon Crawl Stone Soup version 0.30-a0-964-gd452b5e7fa (webtiles) character file.

Game seed: 17106342959598739612

67 vishdafish the Conjurer (level 4, 30/30 HPs)
             Began as a Demonspawn Conjurer on Mar 30, 2023.
             Quit the game on level 2 of the Dungeon.
             The game lasted 00:02:04 (2061 turns).

vishdafish the Conjurer (Demonspawn Conjurer)       Turns: 2061, Time: 00:02:05

Health: 30/30      AC:  4    Str:  8    XL:     4   Next: 0%
Magic:  8/8        EV: 12    Int: 21    God:
Gold:   54         SH:  4    Dex: 11    Spells: 8/9 levels left

rFire   . . .      SeeInvis .    e - +0 whip
rCold   . . .      Faith    .    (no shield)
rNeg    . . .      Spirit   .    a - +0 robe
rPois   .          Reflect  .    f - +0 helmet
rElec   .          Rampage  .    (no cloak)
rCorr   .                        d - +0 pair of gloves
Will    .....                    (no boots)
Stlth   +                        (no amulet)
HPRegen 0.25/turn                (no ring)
MPRegen 0.11/turn                (no ring)

@: very slow
A: large bone plates 1, spiny 1
a: no special abilities


You were on level 2 of the Dungeon.
You visited 1 branch of the dungeon, and saw 2 of its levels.

You collected 54 gold pieces.

Inventory:

Hand Weapons
 e - a +0 whip (weapon)
Armour
 a - a +0 robe (worn)
 d - a +0 pair of gloves (worn)
 f - a +0 helmet (worn)
Scrolls
 c - a scroll of blinking {unknown}
 g - a scroll of brand weapon {unknown}
 h - a scroll of fog {unknown}
 i - a scroll of enchant armour {unknown}
 k - a scroll of enchant weapon {unknown}
 l - a scroll of teleportation {unknown}
 m - a scroll of poison {unknown}
Potions
 b - a potion of magic
 j - a potion of lignification {unknown}


   Skills:
 - Level 1.7 Dodging
 - Level 1.7 Stealth
 + Level 3.1 Spellcasting
 + Level 4.8 Conjurations


You had 8 spell levels left.
You knew the following spells:

 Your Spells              Type           Power      Damage    Failure   Level
a - Magic Dart            Conj           92%        1d7       1%          1

Your spell library contained the following spells:

 Spells                   Type           Power      Damage    Failure   Level
 Searing Ray              Conj           46%        2d6       2%          2
 Dazzling Flash           Conj/Hex       26%        N/A       14%         3
 Fulminant Prism          Conj/Hex       6%         3d7       43%         4
 Iskenderun's Mystic Bla  Conj/Tloc      13%        2d5       43%         4


Dungeon Overview and Level Annotations

Branches:
Dungeon (2/15)

Altars:


Innate Abilities, Weirdness & Mutations

You are partially covered in large bone plates. (SH +4)
You are partially covered in sharp spines.


Message History

You can't see any susceptible monsters within range! (Use Z to cast anyway.)
You enter the shallow water.
Moving in this stuff is going to be slow.
You enter the shallow water.
Moving in this stuff is going to be slow.
You enter the shallow water.
Moving in this stuff is going to be slow.
An adder comes into view.
An adder is nearby!
An adder is nearby!
An adder is nearby!
The magic dart hits the adder.
The adder is lightly wounded.
The adder hisses angrily.
You can't see any susceptible monsters within range! (Use Z to cast anyway.)
You can't see any susceptible monsters within range! (Use Z to cast anyway.)
An adder is nearby!
The magic dart hits the adder.
The adder is moderately wounded.
The magic dart hits the adder!
The adder is almost dead.
The magic dart hits the adder.
You kill the adder!
You have reached level 4!
You feel stronger.
Your demonic ancestry asserts itself...
Sharp spines emerge from parts of your body.
You see here an adder corpse.
You enter the shallow water.
Moving in this stuff is going to be slow.
You enter the shallow water.
Moving in this stuff is going to be slow.
You enter the shallow water.
Moving in this stuff is going to be slow.
You enter the shallow water.
Moving in this stuff is going to be slow.
You see here an adder skeleton.
You enter the shallow water.
Moving in this stuff is going to be slow.
Partly explored, can't reach some items and places.
Are you sure you want to abandon this character and quit the game? (Confirm with "yes".)

#### #..# ############ ##.#
#...........
#..################.##########
##.....##.....................
####..###.##.#####♣~~~♣...#######
☼§☼.......##.# ##~P~~PP~.♣♣......
§○§..##......###@~P~~P~~.~~♣####.
.○°.###.###..##~P~P~~P≈~.~~P~.<.<
#######......##.♣P~~P≈≈~.~~~♣♣.#.
#.............♣P~≈≈≈~.~~~~♣♣..
#####..###.###~~P~~≈~.~~~P♣♣♣.
##....÷###♣♣♣♣≈≈~.~~~~~♣♣.
#####.#......♣ ♣PP~.~≈P≈~♣♣♣
#.........#### ♣♣~~.~≈≈≈≈~~♣
#.......#.####P♣♣~≈.≈≈≈≈≈~P♣


There were no monsters in sight!

Vanquished Creatures
  2 adders (D:2)
  A worm (D:2)
  8 endoplasms
  2 giant cockroaches
  4 goblins
  5 hobgoblins
  2 quokkas
  3 ball pythons (D:1)
  3 bats (D:2)
  4 frilled lizards
  6 kobolds (D:1)
  5 rats
45 creatures vanquished.

Vanquished Creatures (others)
  10 plants (D:2)
10 creatures vanquished.

Grand Total: 55 creatures vanquished

Notes
Turn   | Place    | Note
-------+----------+-------------------------------------------
     0 | D:1      | vishdafish the Demonspawn Conjurer began the quest for the
                  | Orb.
     0 | D:1      | Reached XP level 1. HP: 13/13 MP: 3/3
   215 | D:1      | Gained mutation: You are partially covered in large bone
                  | plates. (SH +4) [demonic ancestry]
   215 | D:1      | Reached XP level 2. HP: 17/19 MP: 0/5
   660 | D:1      | Reached XP level 3. HP: 24/24 MP: 4/7
  1825 | D:2      | Gained mutation: You are partially covered in sharp spines.
                  | [demonic ancestry]
  1825 | D:2      | Reached XP level 4. HP: 30/30 MP: 3/8
  2061 | D:2      | Quit the game

Illustrated notes

Levels and vault maps discovered:
D:1:      kennysheep_arrival_seaside, layout_basic, grunt_decor_junction,
          minivault_24, patterned_corridor
D:2:      layout_basic, serial_bayou, serial_bayou_pond_c,
          serial_bayou_lagoon_b, serial_bayou_pond_c, serial_bayou_lake_a,
          minmay_misc_feat_columns, lemuel_flame_loot_1

Skill      XL: |  1  2  3 |
---------------+----------+-----
Spellcasting   | 3 |  3.1
Dodging        | |  1.7
Stealth        | |  1.7
Conjurations   | |  4.8

Action                     |  1- 3 |  4- 6 || total
---------------------------+-------+-------++-------
  Melee: Unarmed           |    78 |       ||    78
         Whip              |     8 |       ||     8
   Cast: Magic Dart        |    73 |       ||    73
 Armour: Robe              |    15 |       ||    15
  Dodge: Dodged            |    49 |       ||    49
  Block: Other             |     9 |       ||     9

Table legend: (Time is in decaauts)
 A = Elapsed time spent in this place.
 B = Non-inter-level travel time spent in this place.
 C = Inter-level travel time spent in this place.
 D = Time resting spent in this place.
 E = Time spent auto-exploring this place.
 F = Levels seen in this place.
 G = Mean time per level.
                   A        B        C        D        E       F      G
               +--------+--------+--------+--------+--------+-----+--------+
         Total |   2107 |   2044 |     63 |      0 |   1761 |   2 | 1053.5 |
       Dungeon |   2107 |   2044 |     63 |      0 |   1761 |   2 | 1053.5 |
               +--------+--------+--------+--------+--------+-----+--------+

Top non-repeatable levels by time:
     D:1: 1065 daAuts
     D:2: 1042 daAuts
